 Dungeon Crawl Stone Soup version 0.18.1-48-g4cf74bf (webtiles) character file.

22 torvon the Skirmisher (level 2, -2/24 HPs)
             Began as a Demonspawn Chaos Knight on Aug 7, 2016.
             Slain by a jackal (3 damage)
             ... on level 1 of the Dungeon.
             The game lasted 00:02:28 (870 turns).

torvon the Skirmisher (Demonspawn Chaos Knight)      Turns: 870, Time: 00:02:29

Health: -2/24      AC:  7    Str: 12    XL:     2   Next: 68%
Magic:  2/2        EV: 10    Int: 13    God:    Xom [....*.]
Gold:   0          SH:  2    Dex: 12    Spells: 0 memorised, 1 level left

rFire  . . .     SeeInvis .     a - +0 spear (chaos)
rCold  . . .     Gourm    .     b - +2 leather armour
rNeg   . . .     Faith    .     (no shield)
rPois  .         Spirit   .     (no helmet)
rElec  .         Dismiss  .     (no cloak)
rCorr  .         Reflect  .     (no gloves)
SustAt .         Harm     .     (no boots)
MR     .....                    (no amulet)
Stlth  +.........               (no ring)
                                (no ring)

@: drained, not resistant to hostile enchantments, very unstealthy
A: large bone plates 1
a: Renounce Religion


You were on level 1 of the Dungeon.
You worshipped Xom.
You were a beloved toy of Xom.
You were not hungry.

You visited 1 branch of the dungeon, and saw 1 of its levels.

Inventory:

Hand Weapons
 a - a +0 spear of chaos (weapon)
 e - a +0 club
 g - a +0 club
 j - a +0 whip
 m - a +0 short sword
 q - a cursed +0 club
 s - a +0 dagger
Missiles
 h - a stone (quivered)
 p - 5 large rocks
Armour
 b - a +2 leather armour (worn)
 d - a cursed +0 leather armour
 i - a +0 ring mail
Scrolls
 f - 2 scrolls of enchant armour {unknown}
 k - a scroll of blinking {unknown}
 n - a scroll of enchant weapon {unknown}
 o - a scroll of noise {unknown}
 t - a scroll of amnesia {unknown}
Potions
 r - a potion of berserk rage {unknown}
Comestibles
 c - a bread ration
 l - a beef jerky
 u - 3 meat rations


   Skills:
 + Level 3.4(2.3) Fighting
 + Level 3.1(2.0) Polearms
 + Level 1.9(0.9) Armour
 + Level 1.1(0.1) Dodging


You had one spell level left.
You didn't know any spells.

Dungeon Overview and Level Annotations

Branches:
Dungeon (1/15)

Altars:


Innate Abilities, Weirdness & Mutations

You are partially covered in large bone plates (AC +2, SH +2).


Message History

The jackal barely misses you. You block the jackal's attack.
The jackal bites you but does no damage.
The jackal bites you.
* * * LOW HITPOINT WARNING * * *
The jackal bites you but does no damage.
The jackal barely misses you. x2; The jackal bites you.
* * * LOW HITPOINT WARNING * * *
The jackal closely misses you. The jackal barely misses you.
The jackal bites you but does no damage.
The jackal closely misses you. You block the jackal's attack.
The jackal bites you.
* * * LOW HITPOINT WARNING * * *
The jackal bites you but does no damage. x2
You block the jackal's attack.
The jackal bites you but does no damage.
You block the jackal's attack. The jackal completely misses you.
You block the jackal's attack. The jackal bites you.
You die...

.# #.# #.# #.# #.# #
#.# .# #.####### ..#
#.†.....#############
#.#####.............
#.# #..h@........
#######.#
#.$h........ ..#
.....##)#
############ #.#
........## #...# #.#
######...## #...# #.#
##.....# #...# #.#
#..#.#.# #...# #.#
#......# #..(# #.#
##.#.#.######## #..(#
##.#


You could see 2 jackals.

Vanquished Creatures
  An ooze (D:1)
  2 ball pythons (D:1)
  2 bats (D:1)
  A goblin (D:1)
  A hobgoblin (D:1)
  2 jackals (D:1)
  2 kobolds (D:1)
  A quokka (D:1)
  4 rats (D:1)
16 creatures vanquished.

Notes
Turn   | Place    | Note
--------------------------------------------------------------
     0 | D:1      | torvon the Demonspawn Chaos Knight began the quest for the Orb.
     0 | D:1      | Reached XP level 1. HP: 18/18 MP: 1/1
     8 | D:1      | XOM: divination: detect items
   336 | D:1      | Gained mutation: You are partially covered in large bone plates (AC +2, SH +2). [demonic ancestry]
   336 | D:1      | Reached XP level 2. HP: 24/24 MP: 2/2
   515 | D:1      | XOM: smoke on damage
   578 | D:1      | XOM: god gift: 3 meat rations
   692 | D:1      | Reached skill level 1 in Dodging
   703 | D:1      | XOM: 1-stop teleportation journey
   773 | D:1      | XOM: medium Necr miscast
   809 | D:1      | XOM: polymorph kobold -> quokka
   867 | D:1      | HP: 1/24 [jackal (2)]
   870 | D:1      | Slain by a jackal

Skill      XL: |  1  2 |
---------------+-------+-----
Polearms       | 3 |  3.1
Dodging        | 1 |  1.1
Fighting       | |  3.4
Armour         | |  1.9

Action                   || total
-------------------------++-------
Melee: Spear             ||    61
Armor: Leather armour    ||    76
Dodge: Dodged            ||    99
Block: Other             ||    14
